CHICAGO Blackhawks vs EDMONTON Oilers

Created - 4 février 2019 at 16:39

Goals
1 2 3 OT1 SO T
CHICAGO Blackhawks 1 1 0 0 1 2
EDMONTON Oilers 0 1 1 0 2 3
Shots
1 2 3 OT1 SO T
CHICAGO Blackhawks 14 11 11 7 5 43
EDMONTON Oilers 10 13 5 3 5 31

1st period

1. CHICAGO Blackhawks , Kevin Hayes 10 (Kevin Shattenkirk 15, Tom Wilson 7) at 19:35

Penalties :
Tom Wilson (CHI) for Roughing (Minor) at 3:15

2nd period

2. EDMONTON Oilers , Jimmy Vesey 7 (Mark Letestu 8, Brian Flynn 6) at 1:54
3. CHICAGO Blackhawks , Teuvo Teravainen 17 (Jonathan Toews 28, Patrick Kane 29) at 6:26

Penalties :
Mark Letestu (EDM) for Holding (Minor) at 19:38, Will Butcher (CHI) for Hooking (Minor) at 19:38

3rd period

4. EDMONTON Oilers , Brian Flynn 8 (Brad Hunt 15, Madison Bowey 7) at 2:51

Penalties :
No Penalty

Overtime #1

No Goal

Penalties :
No Penalty

Shootout

CHICAGO Blackhawks, Patrick Kane - Stopped by Sergei Bobrovsky
EDMONTON Oilers, Mike Hoffman - Stopped by Jeff Glass
CHICAGO Blackhawks, Jonathan Toews - Shot Misses the Net
EDMONTON Oilers, Jordan Eberle - Stopped by Jeff Glass
CHICAGO Blackhawks, Kyle Palmieri - Shot Misses the Net
EDMONTON Oilers, Leo Komarov - Stopped by Jeff Glass
CHICAGO Blackhawks, William Nylander - Goal!
EDMONTON Oilers, Jason Spezza - Goal!
CHICAGO Blackhawks, Kevin Hayes - Stopped by Sergei Bobrovsky
EDMONTON Oilers, Sam Gagner - Goal!

Penalties :
No Penalty

Goalie Stats

Jeff Glass (CHI), 29 saves from 31 shots - (0,935), OTL, 2-0-1, 65:00 minutes
Sergei Bobrovsky (EDM), 41 saves from 43 shots - (0,953), W, 19-18-5, 65:00 minutes

Players Stats for CHICAGO Blackhawks

Player Name              G  A  P  +/- PIM S  H  SB GA TA FO     MP     PP MP  PK MP  
------------------------------------------------------------------------------------
Aaron Ekblad             0  0  0  -1  0   1  1  1  0  0  0/0    22:36   0:00   1:00 
Alexander Burmistrov     0  0  0   0  0   2  0  0  0  0  3/11    5:34   0:00   0:00 
Brad Richardson          0  0  0   0  0   0  0  0  0  0  0/0    11:58   0:00   0:00 
Brent Seabrook           0  0  0   0  0   0  1  2  0  0  0/0    26:47   0:00   0:59 
Brian Dumoulin           0  0  0  -1  0   1  2  3  0  0  0/0    22:36   0:00   1:00 
Devante Smith-Pelly      0  0  0   0  0   3  2  0  0  0  0/0     5:34   0:00   0:00 
Eric Staal               0  0  0  -1  0   3  0  0  0  0  1/1    19:49   0:00   0:37 
Jonathan Toews           0  1  1   1  0   4  4  0  0  0  14/23  27:39   0:00   1:22 
Josh Manson              0  0  0   0  0   3  2  1  0  0  0/0    26:47   0:00   0:59 
Kevin Hayes              1  0  1   0  0   5  1  0  0  0  9/15   12:35   0:00   0:37 
Kevin Shattenkirk        0  1  1   1  0   1  0  0  0  0  0/0    15:37   0:00   0:00 
Kyle Palmieri            0  0  0  -1  0   3  0  0  0  0  1/2    17:11   0:00   0:00 
Nick Shore               0  0  0   0  0   0  0  1  0  0  0/1     5:34   0:00   0:00 
Patrick Kane             0  1  1   1  0   8  3  1  0  0  12/18  27:39   0:00   1:22 
Teuvo Teravainen         1  0  1   1  0   7  2  0  0  0  2/2    21:19   0:00   0:00 
Tom Wilson               0  1  1   0  2   2  6  0  0  0  0/1    11:57   0:00   0:00 
Will Butcher             0  0  0   1  2   0  3  1  0  0  0/0    15:36   0:00   0:00 
William Nylander         0  0  0  -1  0   0  1  0  0  0  8/14   19:12   0:00   0:00 

Players Stats for EDMONTON Oilers

Player Name              G  A  P  +/- PIM S  H  SB GA TA FO     MP     PP MP  PK MP  
------------------------------------------------------------------------------------
Andrew Shaw              0  0  0   0  0   1  2  0  0  0  1/1    14:28   0:53   0:00 
Brad Hunt                0  1  1   2  0   0  0  1  0  0  0/0    17:45   0:00   0:00 
Brian Flynn              1  1  2   2  0   2  0  0  0  0  0/0    17:48   0:00   0:00 
Casey Bailey             0  0  0   0  0   0  0  0  0  0  0/0     0:00   0:00   0:00 
Cody Franson             0  0  0   0  0   0  0  1  0  0  0/0    19:53   1:06   0:00 
David Desharnais         0  0  0  -1  0   1  0  0  0  0  5/8     9:20   0:00   0:00 
Jason Spezza             0  0  0  -1  0   0  0  1  0  0  5/15   25:27   0:53   0:00 
Jimmy Vesey              1  0  1   2  0   3  2  0  0  0  1/1    17:48   0:00   0:00 
Jordan Eberle            0  0  0  -1  0   6  0  0  0  0  1/4    21:35   1:06   0:00 
Josh Morrissey           0  0  0  -2  0   2  2  3  0  0  0/0    27:22   0:53   0:00 
Leo Komarov              0  0  0  -1  0   0  1  0  0  0  3/4    18:04   1:06   0:00 
Madison Bowey            0  1  1   2  0   1  0  2  0  0  0/0    21:22   1:06   0:00 
Mark Letestu             0  1  1   2  2   7  2  0  0  0  15/25  17:57   0:00   0:00 
Matt Irwin               0  0  0   0  0   0  1  0  0  0  0/0    16:16   0:00   0:00 
Mike Hoffman             0  0  0  -2  0   4  2  0  0  0  6/28   30:15   1:06   0:00 
Niklas Hjalmarsson       0  0  0  -2  0   0  0  3  0  0  0/0    27:22   0:53   0:00 
Sam Gagner               0  0  0   0  0   4  0  0  0  0  0/1    14:28   0:53   0:00 
Travis Morin             0  0  0   0  0   0  0  0  0  0  1/1     0:50   0:00   0:00 

3 Stars

1 - Sergei Bobrovsky (EDM)
2 - Brian Flynn (EDM)
3 - Jimmy Vesey (EDM)

Power Play

CHICAGO Blackhawks - 0 on 0 Attempt(s) - 0,00%
EDMONTON Oilers - 0 on 1 Attempt(s) - 0,00%

Penalty Kill

CHICAGO Blackhawks - 1 on 1 Attempt(s) - 100,00% - Score 0 goal in Penalty Kill
EDMONTON Oilers - 0 on 0 Attempt(s) - 0,00% - Score 0 goal in Penalty Kill

Team Stat

CHICAGO Blackhawks - Hits : 28 - Faceoff Wins : 50 - Blocked Shots : 10 - Penalty Minutes : 4
EDMONTON Oilers - Hits : 12 - Faceoff Wins : 38 - Blocked Shots : 11 - Penalty Minutes : 2

Official

Referees : Unknown
Linesman : Unknown

Game Notes

No Game Note

Finance

Level 1 -- Attendance: 5157 (85,95%) -- Ticket Income 515 700 $
Level 2 -- Attendance: 4949 (98,98%) -- Ticket Income 272 195 $
Level 3 -- Attendance: 2437 (48,74%) -- Ticket Income 73 110 $
Level 4 -- Attendance: 4110 (82,20%) -- Ticket Income 73 980 $
Luxury Box -- Attendance: 999 (99,90%) -- Ticket Income 179 820 $
Game was played at the Rexall Place.
Total Attendance: 17652 (80,24%)
Total Ticket Income: 1 114 805 $
Other Income: 434 774 $
Total Income: 1 549 579 $

CHICAGO Blackhawks

5 vs 5 Forward 
   Center                   Left Wing                Right Wing               Time % Phy DF OF 
 1 Jonathan Toews           Teuvo Teravainen         Patrick Kane             45     0   1  4  
 2 William Nylander         Eric Staal               Kyle Palmieri            29     0   2  3  
 3 Kevin Hayes              Brad Richardson          Tom Wilson               18     1   2  2  
 4 Alexander Burmistrov     Nick Shore               Devante Smith-Pelly      8      1   2  2  

5 vs 5 Defense 
   Defense                  Defense                                           Time % Phy DF OF 
 1 Brent Seabrook           Josh Manson                                       40     1   2  2  
 2 Aaron Ekblad             Brian Dumoulin                                    30     1   2  2  
 3 Kevin Shattenkirk        Will Butcher                                      20     0   3  2  
 4 Brent Seabrook           Josh Manson                                       10     1   2  2  

PowerPlay Forward 
   Center                   Left Wing                Right Wing               Time % Phy DF OF 
 1 Jonathan Toews           Eric Staal               Patrick Kane             60     0   0  5  
 2 William Nylander         Teuvo Teravainen         Kyle Palmieri            40     0   0  5  

PowerPlay Defense
   Defense                  Defense                                           Time % Phy DF OF 
 1 Aaron Ekblad             Kevin Shattenkirk                                 60     1   2  2  
 2 Brent Seabrook           Josh Manson                                       40     1   2  2  

Penalty Kill 4 Players Forward 
   Center                   Wing                     Time % Phy DF OF 
 1 Patrick Kane             Jonathan Toews           60     0   5  0  
 2 Eric Staal               Kevin Hayes              40     1   4  0  

Penalty Kill 4 Players Defense
   Defense                  Defense                  Time % Phy DF OF 
 1 Brent Seabrook           Josh Manson              60     1   4  0  
 2 Aaron Ekblad             Brian Dumoulin           40     1   4  0  

Penalty Kill - 3 Players Forward 
   Forward                                           Time % Phy DF OF 
 1 Eric Staal                                        60     0   5  0  
 2 Kevin Hayes                                       40     0   5  0  

Penalty Kill - 3 Players Defense
   Defense                  Defense                  Time % Phy DF OF 
 1 Brent Seabrook           Josh Manson              60     0   5  0  
 2 Aaron Ekblad             Brian Dumoulin           40     0   5  0  

4 vs 4 Forward 
   Center                   Wing                     Time % Phy DF OF 
 1 Patrick Kane             Jonathan Toews           60     0   1  4  
 2 Eric Staal               William Nylander         40     0   2  3  

4 vs 4 Defense
   Defense                  Defense                  Time % Phy DF OF 
 1 Brent Seabrook           Josh Manson              60     0   3  2  
 2 Aaron Ekblad             Brian Dumoulin           40     0   3  2  

Last Minutes Offensive
   Center                   Left Wing                Right Wing               Defense                  Defense                  
   Jonathan Toews           Teuvo Teravainen         Patrick Kane             Brent Seabrook           Eric Staal               

Last Minutes Defensive
   Center                   Left Wing                Right Wing               Defense                  Defense                  
   Eric Staal               Kevin Hayes              Patrick Kane             Brent Seabrook           Josh Manson              

Goaltenders
Starting : Jeff Glass               
Backup : Corey Crawford           

Extra Forwards
Normal : Alexander Burmistrov, Kevin Hayes, Tom Wilson - PP : Alexander Burmistrov, Kevin Hayes - PK : Tom Wilson
Extra Defensemen
Normal : Kevin Shattenkirk, Will Butcher, Aaron Ekblad - PP : Kevin Shattenkirk - PK : Will Butcher, Aaron Ekblad
Penalty Shots
Patrick Kane, Jonathan Toews, Kyle Palmieri, William Nylander, Kevin Hayes

EDMONTON Oilers

5 vs 5 Forward 
   Center                   Left Wing                Right Wing               Time % Phy DF OF 
 1 Mike Hoffman             Leo Komarov              Jordan Eberle            27     0   0  5  
 2 Jason Spezza             Sam Gagner               Andrew Shaw              25     3   0  2  
 3 Mark Letestu             Jimmy Vesey              Brian Flynn              24     1   2  2  
 4 David Desharnais         Jason Spezza             Mike Hoffman             24     1   2  2  

5 vs 5 Defense 
   Defense                  Defense                                           Time % Phy DF OF 
 1 Josh Morrissey           Niklas Hjalmarsson                                30     1   2  2  
 2 Matt Irwin               Cody Franson                                      28     1   2  2  
 3 Brad Hunt                Madison Bowey                                     28     1   2  2  
 4 Josh Morrissey           Niklas Hjalmarsson                                14     1   2  2  

PowerPlay Forward 
   Center                   Left Wing                Right Wing               Time % Phy DF OF 
 1 Mike Hoffman             Leo Komarov              Jordan Eberle            60     1   2  2  
 2 Jason Spezza             Sam Gagner               Andrew Shaw              40     1   2  2  

PowerPlay Defense
   Defense                  Defense                                           Time % Phy DF OF 
 1 Josh Morrissey           Niklas Hjalmarsson                                60     1   2  2  
 2 Madison Bowey            Cody Franson                                      40     1   2  2  

Penalty Kill 4 Players Forward 
   Center                   Wing                     Time % Phy DF OF 
 1 Mike Hoffman             Jordan Eberle            60     1   2  2  
 2 Leo Komarov              Jason Spezza             40     1   2  2  

Penalty Kill 4 Players Defense
   Defense                  Defense                  Time % Phy DF OF 
 1 Josh Morrissey           Niklas Hjalmarsson       60     1   2  2  
 2 Madison Bowey            Cody Franson             40     1   2  2  

Penalty Kill - 3 Players Forward 
   Forward                                           Time % Phy DF OF 
 1 Mike Hoffman                                      60     1   2  2  
 2 Jordan Eberle                                     40     1   2  2  

Penalty Kill - 3 Players Defense
   Defense                  Defense                  Time % Phy DF OF 
 1 Josh Morrissey           Niklas Hjalmarsson       60     1   2  2  
 2 Madison Bowey            Cody Franson             40     1   2  2  

4 vs 4 Forward 
   Center                   Wing                     Time % Phy DF OF 
 1 Mike Hoffman             Jordan Eberle            60     1   2  2  
 2 Leo Komarov              Jason Spezza             40     1   2  2  

4 vs 4 Defense
   Defense                  Defense                  Time % Phy DF OF 
 1 Josh Morrissey           Niklas Hjalmarsson       60     1   2  2  
 2 Madison Bowey            Cody Franson             40     1   2  2  

Last Minutes Offensive
   Center                   Left Wing                Right Wing               Defense                  Defense                  
   Mike Hoffman             Leo Komarov              Jordan Eberle            Josh Morrissey           Niklas Hjalmarsson       

Last Minutes Defensive
   Center                   Left Wing                Right Wing               Defense                  Defense                  
   Mike Hoffman             Leo Komarov              Jordan Eberle            Josh Morrissey           Niklas Hjalmarsson       

Goaltenders
Starting : Sergei Bobrovsky         
Backup : Antti Niemi              

Extra Forwards
Normal : Travis Morin, Mark Letestu, Jimmy Vesey - PP : Travis Morin, Mark Letestu - PK : Jimmy Vesey
Extra Defensemen
Normal : Josh Morrissey, Madison Bowey, Niklas Hjalmarsson - PP : Niklas Hjalmarsson - PK : Madison Bowey, Josh Morrissey
Penalty Shots
Mike Hoffman, Jordan Eberle, Leo Komarov, Jason Spezza, Sam Gagner


% Time on Ice - CHICAGO Blackhawks

Lines # - Real PCT - Wanted PCT - Time Play
Normal Forward
1 - 38% - 45% - 21:19
2 - 31% - 29% - 17:11
3 - 21% - 18% - 11:58
4 - 10% - 8% - 5:34
Normal Defense
1 - 34% - 40% - 19:10
2 - 34% - 30% - 19:07
3 - 28% - 20% - 15:37
4 - 4% - 10% - 2:08
PP Forward
1 - 0% - 60%
2 - 0% - 40%
PP Defense
1 - 0% - 60%
2 - 0% - 40%
PK Forward
1 - 69% - 60% - 1:22
2 - 31% - 40% - 0:37
PK Defense
1 - 50% - 60% - 0:59
2 - 50% - 40% - 1:00
PK3 Forward
1 - 0% - 60%
2 - 0% - 40%
PK3 Defense
1 - 0% - 60%
2 - 0% - 40%
44 Forward
1 - 71% - 60% - 4:58
2 - 29% - 40% - 2:01
44 Defense
1 - 64% - 60% - 4:30
2 - 36% - 40% - 2:29
Last Minute Offensive  - 0:00
Last Minute Defensive  - 0:00
Total
Forward - 65:00
Defense - 65:00

% Time on Ice - EDMONTON Oilers

Lines # - Real PCT - Wanted PCT - Time Play
Normal Forward
1 - 27% - 27% - 15:19
2 - 24% - 25% - 13:35
3 - 32% - 24% - 17:48
4 - 17% - 24% - 9:20
Normal Defense
1 - 27% - 30% - 15:10
2 - 29% - 28% - 16:16
3 - 32% - 28% - 17:45
4 - 12% - 14% - 6:51
PP Forward
1 - 55% - 60% - 1:06
2 - 45% - 40% - 0:53
PP Defense
1 - 45% - 60% - 0:53
2 - 55% - 40% - 1:06
PK Forward
1 - 0% - 60%
2 - 0% - 40%
PK Defense
1 - 0% - 60%
2 - 0% - 40%
PK3 Forward
1 - 0% - 60%
2 - 0% - 40%
PK3 Defense
1 - 0% - 60%
2 - 0% - 40%
44 Forward
1 - 76% - 60% - 5:20
2 - 24% - 40% - 1:39
44 Defense
1 - 64% - 60% - 4:28
2 - 36% - 40% - 2:31
Last Minute Offensive  - 0:00
Last Minute Defensive  - 0:00
Total
Forward - 65:00
Defense - 65:00

Play-by-Play

1st period


0:01 of 1st period - Mike Hoffman wins face-off versus Jonathan Toews in neutral zone.
0:27 of 1st period - Mike Hoffman is hit by Josh Manson and loses puck.
0:43 of 1st period - Shot by Jordan Eberle.
0:43 of 1st period - Stopped by Jeff Glass with a rebound.
2:03 of 1st period - Shot by Kevin Hayes.
2:03 of 1st period - Stopped by Sergei Bobrovsky without a rebound.
2:04 of 1st period - Mark Letestu wins face-off versus Alexander Burmistrov in EDMONTON Oilers zone.
2:25 of 1st period - Shot by Kevin Shattenkirk.
2:25 of 1st period - Shot Blocked by Brad Hunt.
2:27 of 1st period - Shot by Devante Smith-Pelly.
2:27 of 1st period - Stopped by Sergei Bobrovsky without a rebound.
2:28 of 1st period - Leo Komarov wins face-off versus Jonathan Toews in EDMONTON Oilers zone.
2:33 of 1st period - Josh Manson is hit by Leo Komarov and loses puck.
3:04 of 1st period - Shot by Teuvo Teravainen.
3:04 of 1st period - Stopped by Sergei Bobrovsky without a rebound.
3:05 of 1st period - Kevin Hayes wins face-off versus Mark Letestu in EDMONTON Oilers zone.
3:10 of 1st period - Shot by Brian Dumoulin.
3:10 of 1st period - Stopped by Sergei Bobrovsky without a rebound.
3:11 of 1st period - Kevin Hayes wins face-off versus Mark Letestu in EDMONTON Oilers zone.
3:15 of 1st period - Minor Penalty to Tom Wilson for Roughing.
3:16 of 1st period - Patrick Kane wins face-off versus Jason Spezza in CHICAGO Blackhawks zone.
3:27 of 1st period - Shot by Sam Gagner.
3:27 of 1st period - Stopped by Jeff Glass without a rebound.
3:28 of 1st period - Patrick Kane wins face-off versus Mike Hoffman in CHICAGO Blackhawks zone.
3:53 of 1st period - Shot by Madison Bowey.
3:53 of 1st period - Shot Misses the Net.
3:55 of 1st period - Shot by Leo Komarov.
3:55 of 1st period - Shot Blocked by Brian Dumoulin.
4:09 of 1st period - Shot by Jordan Eberle.
4:09 of 1st period - Shot Misses the Net.
4:37 of 1st period - Shot by Sam Gagner.
4:37 of 1st period - Stopped by Jeff Glass without a rebound.
4:38 of 1st period - Eric Staal wins face-off versus Sam Gagner in CHICAGO Blackhawks zone.
4:47 of 1st period - Andrew Shaw is hit by Kevin Hayes and loses puck.
4:54 of 1st period - Shot by Josh Morrissey.
4:54 of 1st period - Stopped by Jeff Glass without a rebound.
4:55 of 1st period - Mike Hoffman wins face-off versus Patrick Kane in CHICAGO Blackhawks zone.
5:02 of 1st period - Shot by Mike Hoffman.
5:02 of 1st period - Stopped by Jeff Glass with a rebound.
5:04 of 1st period - Shot by Madison Bowey.
5:04 of 1st period - Shot Misses the Net.
5:44 of 1st period - Shot by Jimmy Vesey.
5:44 of 1st period - Stopped by Jeff Glass with a rebound.
6:02 of 1st period - William Nylander is hit by Andrew Shaw.
6:17 of 1st period - Sam Gagner is hit by Tom Wilson.
6:21 of 1st period - Shot by Jason Spezza.
6:21 of 1st period - Shot Blocked by Brian Dumoulin.
6:51 of 1st period - Shot by Leo Komarov.
6:51 of 1st period - Deflect By Mike Hoffman.
6:51 of 1st period - Shot Misses the Net.
6:58 of 1st period - Leo Komarov is hit by Brian Dumoulin and loses puck.
7:09 of 1st period - Shot by Jordan Eberle.
7:09 of 1st period - Stopped by Jeff Glass without a rebound.
7:10 of 1st period - Teuvo Teravainen wins face-off versus Mark Letestu in CHICAGO Blackhawks zone.
7:31 of 1st period - Shot by Jimmy Vesey.
7:31 of 1st period - Shot Misses the Net.
8:14 of 1st period - Shot by Kyle Palmieri.
8:14 of 1st period - Shot Blocked by Josh Morrissey.
8:44 of 1st period - Shot by Mike Hoffman.
8:44 of 1st period - Shot Blocked by Will Butcher.
9:29 of 1st period - William Nylander is hit by Matt Irwin and loses puck.
9:41 of 1st period - Matt Irwin is hit by Will Butcher and loses puck.
10:00 of 1st period - Shot by Patrick Kane.
10:00 of 1st period - Stopped by Sergei Bobrovsky without a rebound.
10:01 of 1st period - Jonathan Toews wins face-off versus Jason Spezza in EDMONTON Oilers zone.
10:22 of 1st period - Sam Gagner is hit by Patrick Kane and loses puck.
10:54 of 1st period - Andrew Shaw is hit by Tom Wilson and loses puck.
10:59 of 1st period - Shot by Kevin Hayes.
10:59 of 1st period - Stopped by Sergei Bobrovsky without a rebound.
11:00 of 1st period - Alexander Burmistrov wins face-off versus Mike Hoffman in EDMONTON Oilers zone.
11:19 of 1st period - Shot by Alexander Burmistrov.
11:19 of 1st period - Stopped by Sergei Bobrovsky without a rebound.
11:20 of 1st period - Kevin Hayes wins face-off versus Mark Letestu in EDMONTON Oilers zone.
11:46 of 1st period - Shot by Kevin Hayes.
11:46 of 1st period - Stopped by Sergei Bobrovsky without a rebound.
11:47 of 1st period - Jonathan Toews wins face-off versus Mike Hoffman in EDMONTON Oilers zone.
12:32 of 1st period - Shot by Jonathan Toews.
12:32 of 1st period - Shot Misses the Net.
12:39 of 1st period - Icing by Leo Komarov.
12:40 of 1st period - Leo Komarov wins face-off versus Alexander Burmistrov in EDMONTON Oilers zone.
13:36 of 1st period - Aaron Ekblad is hit by Andrew Shaw and loses puck.
13:46 of 1st period - Icing by Sam Gagner.
13:47 of 1st period - Patrick Kane wins face-off versus Jason Spezza in EDMONTON Oilers zone.
14:24 of 1st period - Shot by Teuvo Teravainen.
14:24 of 1st period - Stopped by Sergei Bobrovsky without a rebound.
14:25 of 1st period - William Nylander wins face-off versus Mike Hoffman in EDMONTON Oilers zone.
14:34 of 1st period - Shot by Kyle Palmieri.
14:34 of 1st period - Shot Misses the Net.
15:00 of 1st period - Shot by Jordan Eberle.
15:00 of 1st period - Stopped by Jeff Glass without a rebound.
15:01 of 1st period - Mark Letestu wins face-off versus Jonathan Toews in CHICAGO Blackhawks zone.
15:08 of 1st period - Shot by Jimmy Vesey.
15:08 of 1st period - Shot Blocked by Patrick Kane.
15:10 of 1st period - Shot by Cody Franson.
15:10 of 1st period - Shot Misses the Net.
15:22 of 1st period - Shot by Mark Letestu.
15:22 of 1st period - Shot Misses the Net.
16:04 of 1st period - Shot by David Desharnais.
16:04 of 1st period - Stopped by Jeff Glass without a rebound.
16:05 of 1st period - William Nylander wins face-off versus Jason Spezza in CHICAGO Blackhawks zone.
16:07 of 1st period - Icing by Eric Staal.
16:08 of 1st period - David Desharnais wins face-off versus William Nylander in CHICAGO Blackhawks zone.
16:42 of 1st period - Mike Hoffman is hit by Josh Manson and loses puck.
16:58 of 1st period - William Nylander is hit by Mark Letestu and loses puck.
17:03 of 1st period - Shot by Jimmy Vesey.
17:03 of 1st period - Shot Misses the Net.
17:15 of 1st period - Shot by Mark Letestu.
17:15 of 1st period - Shot Misses the Net.
17:25 of 1st period - Shot by Mark Letestu.
17:25 of 1st period - Stopped by Jeff Glass without a rebound.
17:26 of 1st period - Jonathan Toews wins face-off versus Mike Hoffman in CHICAGO Blackhawks zone.
17:37 of 1st period - Shot by Teuvo Teravainen.
17:37 of 1st period - Stopped by Sergei Bobrovsky without a rebound.
17:38 of 1st period - Andrew Shaw wins face-off versus Tom Wilson in EDMONTON Oilers zone.
17:38 of 1st period - Andrew Shaw is hit by Tom Wilson.
17:41 of 1st period - Icing by Jason Spezza.
17:42 of 1st period - Jason Spezza wins face-off versus Jonathan Toews in EDMONTON Oilers zone.
18:53 of 1st period - Shot by Kevin Shattenkirk.
18:53 of 1st period - Stopped by Sergei Bobrovsky without a rebound.
18:54 of 1st period - Mark Letestu wins face-off versus William Nylander in EDMONTON Oilers zone.
19:21 of 1st period - Shot by Eric Staal.
19:21 of 1st period - Shot Misses the Net.
19:23 of 1st period - Shot by Brent Seabrook.
19:23 of 1st period - Deflect By William Nylander.
19:23 of 1st period - Shot Misses the Net.
19:25 of 1st period - Shot by Kyle Palmieri.
19:25 of 1st period - Stopped by Sergei Bobrovsky without a rebound.
19:26 of 1st period - Kevin Hayes wins face-off versus Mike Hoffman in EDMONTON Oilers zone.
19:35 of 1st period - Shot by Kevin Hayes.
19:35 of 1st period - Goal by Kevin Hayes - CHICAGO Blackhawks : 1 - EDMONTON Oilers : 0.
19:36 of 1st period - Jonathan Toews wins face-off versus David Desharnais in neutral zone.
19:36 of 1st period - Patrick Kane is hit by Mike Hoffman and loses puck.
19:45 of 1st period - Shot by Patrick Kane.
19:45 of 1st period - Shot Misses the Net.
19:47 of 1st period - Shot by Teuvo Teravainen.
19:47 of 1st period - Stopped by Sergei Bobrovsky with a rebound.
Goals for this period are 1 for CHICAGO Blackhawks vs 0 for EDMONTON Oilers.
Shots for this period are 14 for CHICAGO Blackhawks vs 10 for EDMONTON Oilers.

2nd period


0:01 of 2nd period - David Desharnais wins face-off versus Jonathan Toews in neutral zone.
0:01 of 2nd period - David Desharnais is hit by Patrick Kane.
0:11 of 2nd period - Shot by Mike Hoffman.
0:11 of 2nd period - Shot Misses the Net.
0:42 of 2nd period - Shot by Patrick Kane.
0:42 of 2nd period - Shot Blocked by Jason Spezza.
1:48 of 2nd period - Shot by Mark Letestu.
1:48 of 2nd period - Shot Misses the Net.
1:52 of 2nd period - Shot by Mark Letestu.
1:52 of 2nd period - Deflect By Jimmy Vesey.
1:52 of 2nd period - Shot Misses the Net.
1:54 of 2nd period - Shot by Mark Letestu.
1:54 of 2nd period - Deflect By Jimmy Vesey.
1:54 of 2nd period - Goal by Jimmy Vesey - CHICAGO Blackhawks : 1 - EDMONTON Oilers : 1.
1:55 of 2nd period - Mark Letestu wins face-off versus William Nylander in neutral zone.
2:14 of 2nd period - Shot by Eric Staal.
2:14 of 2nd period - Shot Blocked by Cody Franson.
2:17 of 2nd period - Icing by Matt Irwin.
2:18 of 2nd period - Jonathan Toews wins face-off versus Mark Letestu in EDMONTON Oilers zone.
3:05 of 2nd period - Off-side.
3:06 of 2nd period - Jason Spezza wins face-off versus William Nylander in neutral zone.
3:11 of 2nd period - Andrew Shaw is hit by William Nylander and loses puck.
3:22 of 2nd period - Shot by Eric Staal.
3:22 of 2nd period - Stopped by Sergei Bobrovsky without a rebound.
3:23 of 2nd period - Kevin Hayes wins face-off versus Mike Hoffman in EDMONTON Oilers zone.
3:38 of 2nd period - Shot by Jordan Eberle.
3:38 of 2nd period - Stopped by Jeff Glass without a rebound.
3:39 of 2nd period - William Nylander wins face-off versus Mark Letestu in CHICAGO Blackhawks zone.
3:39 of 2nd period - William Nylander is hit by Mark Letestu.
3:44 of 2nd period - Kevin Shattenkirk is hit by Jimmy Vesey and loses puck.
5:07 of 2nd period - Shot by Jonathan Toews.
5:07 of 2nd period - Stopped by Sergei Bobrovsky without a rebound.
5:08 of 2nd period - Kevin Hayes wins face-off versus Mike Hoffman in EDMONTON Oilers zone.
5:32 of 2nd period - Shot by Kevin Hayes.
5:32 of 2nd period - Stopped by Sergei Bobrovsky without a rebound.
5:33 of 2nd period - Mark Letestu wins face-off versus Alexander Burmistrov in EDMONTON Oilers zone.
5:33 of 2nd period - Mark Letestu is hit by Devante Smith-Pelly.
5:45 of 2nd period - Shot by Devante Smith-Pelly.
5:45 of 2nd period - Stopped by Sergei Bobrovsky with a rebound.
5:47 of 2nd period - Shot by Josh Manson.
5:47 of 2nd period - Stopped by Sergei Bobrovsky without a rebound.
5:48 of 2nd period - David Desharnais wins face-off versus Jonathan Toews in EDMONTON Oilers zone.
6:16 of 2nd period - Patrick Kane is hit by Josh Morrissey.
6:26 of 2nd period - Shot by Teuvo Teravainen.
6:26 of 2nd period - Goal by Teuvo Teravainen - CHICAGO Blackhawks : 2 - EDMONTON Oilers : 1.
6:27 of 2nd period - Mark Letestu wins face-off versus Kevin Hayes in neutral zone.
6:36 of 2nd period - Shot by Jimmy Vesey.
6:36 of 2nd period - Stopped by Jeff Glass with a rebound.
6:38 of 2nd period - Shot by Mark Letestu.
6:38 of 2nd period - Stopped by Jeff Glass with a rebound.
6:40 of 2nd period - Shot by Mark Letestu.
6:40 of 2nd period - Deflect By Jimmy Vesey.
6:40 of 2nd period - Shot Blocked by Brent Seabrook.
6:42 of 2nd period - Shot by Brian Flynn.
6:42 of 2nd period - Shot Misses the Net.
6:44 of 2nd period - Shot by Brian Flynn.
6:44 of 2nd period - Shot Misses the Net.
6:46 of 2nd period - Shot by Mark Letestu.
6:46 of 2nd period - Stopped by Jeff Glass without a rebound.
6:47 of 2nd period - William Nylander wins face-off versus Mike Hoffman in CHICAGO Blackhawks zone.
6:47 of 2nd period - Will Butcher is hit by Mike Hoffman and loses puck.
7:27 of 2nd period - Shot by Jordan Eberle.
7:27 of 2nd period - Stopped by Jeff Glass without a rebound.
7:28 of 2nd period - Jonathan Toews wins face-off versus Jason Spezza in CHICAGO Blackhawks zone.
7:37 of 2nd period - Shot by Patrick Kane.
7:37 of 2nd period - Stopped by Sergei Bobrovsky with a rebound.
7:39 of 2nd period - Shot by Josh Manson.
7:39 of 2nd period - Stopped by Sergei Bobrovsky without a rebound.
7:40 of 2nd period - Mark Letestu wins face-off versus Alexander Burmistrov in EDMONTON Oilers zone.
7:40 of 2nd period - Mark Letestu is hit by Devante Smith-Pelly.
8:00 of 2nd period - Jimmy Vesey is hit by Aaron Ekblad and loses puck.
8:20 of 2nd period - Shot by Mark Letestu.
8:20 of 2nd period - Stopped by Jeff Glass without a rebound.
8:21 of 2nd period - Patrick Kane wins face-off versus David Desharnais in CHICAGO Blackhawks zone.
8:28 of 2nd period - Shot by Mike Hoffman.
8:28 of 2nd period - Deflect By Jason Spezza.
8:28 of 2nd period - Shot Blocked by Josh Manson.
8:30 of 2nd period - Shot by Niklas Hjalmarsson.
8:30 of 2nd period - Shot Blocked by Brent Seabrook.
8:32 of 2nd period - Shot by Josh Morrissey.
8:32 of 2nd period - Stopped by Jeff Glass with a rebound.
9:17 of 2nd period - Off-side.
9:18 of 2nd period - Kevin Hayes wins face-off versus Mark Letestu in neutral zone.
9:43 of 2nd period - Shot by Jimmy Vesey.
9:43 of 2nd period - Deflect By Mark Letestu.
9:43 of 2nd period - Shot Misses the Net.
9:49 of 2nd period - Shot by Mark Letestu.
9:49 of 2nd period - Stopped by Jeff Glass without a rebound.
9:50 of 2nd period - William Nylander wins face-off versus Mike Hoffman in CHICAGO Blackhawks zone.
10:26 of 2nd period - Icing by Brad Hunt.
10:27 of 2nd period - Jonathan Toews wins face-off versus Mike Hoffman in EDMONTON Oilers zone.
10:43 of 2nd period - Icing by Brent Seabrook.
10:44 of 2nd period - Jonathan Toews wins face-off versus Jason Spezza in CHICAGO Blackhawks zone.
10:49 of 2nd period - Josh Morrissey is hit by Teuvo Teravainen and loses puck.
10:53 of 2nd period - Icing by Josh Morrissey.
10:54 of 2nd period - Jason Spezza wins face-off versus Kevin Hayes in EDMONTON Oilers zone.
10:54 of 2nd period - Jason Spezza is hit by Tom Wilson.
11:16 of 2nd period - Shot by Sam Gagner.
11:16 of 2nd period - Shot Blocked by Brian Dumoulin.
11:18 of 2nd period - Shot by Jason Spezza.
11:18 of 2nd period - Deflect By Sam Gagner.
11:18 of 2nd period - Stopped by Jeff Glass with a rebound.
12:18 of 2nd period - Brian Flynn is hit by Jonathan Toews and loses puck.
13:27 of 2nd period - Shot by Andrew Shaw.
13:27 of 2nd period - Shot Misses the Net.
13:29 of 2nd period - Shot by Sam Gagner.
13:29 of 2nd period - Shot Misses the Net.
13:31 of 2nd period - Shot by Andrew Shaw.
13:31 of 2nd period - Shot Hit the Post.
14:14 of 2nd period - Shot by Jimmy Vesey.
14:14 of 2nd period - Shot Misses the Net.
14:37 of 2nd period - Off-side.
14:38 of 2nd period - Mike Hoffman wins face-off versus Jonathan Toews in neutral zone.
14:38 of 2nd period - Jordan Eberle is hit by Jonathan Toews and loses puck.
15:18 of 2nd period - Shot by Teuvo Teravainen.
15:18 of 2nd period - Shot Misses the Net.
15:20 of 2nd period - Shot by Brent Seabrook.
15:20 of 2nd period - Shot Blocked by Madison Bowey.
15:54 of 2nd period - Shot by Andrew Shaw.
15:54 of 2nd period - Stopped by Jeff Glass without a rebound.
15:55 of 2nd period - Mark Letestu wins face-off versus Alexander Burmistrov in CHICAGO Blackhawks zone.
15:59 of 2nd period - Icing by Brian Dumoulin.
16:00 of 2nd period - Alexander Burmistrov wins face-off versus Jason Spezza in CHICAGO Blackhawks zone.
16:13 of 2nd period - Shot by Devante Smith-Pelly.
16:13 of 2nd period - Stopped by Sergei Bobrovsky without a rebound.
16:14 of 2nd period - Jonathan Toews wins face-off versus Mark Letestu in EDMONTON Oilers zone.
16:41 of 2nd period - Shot by Patrick Kane.
16:41 of 2nd period - Deflect By Jonathan Toews.
16:41 of 2nd period - Stopped by Sergei Bobrovsky without a rebound.
16:42 of 2nd period - Kyle Palmieri wins face-off versus David Desharnais in EDMONTON Oilers zone.
16:49 of 2nd period - Shot by Eric Staal.
16:49 of 2nd period - Shot Misses the Net.
17:07 of 2nd period - Shot by Mike Hoffman.
17:07 of 2nd period - Shot Misses the Net.
17:48 of 2nd period - Shot by Jonathan Toews.
17:48 of 2nd period - Shot Blocked by Josh Morrissey.
17:58 of 2nd period - Niklas Hjalmarsson is hit by Jonathan Toews and loses puck.
18:11 of 2nd period - Shot by Patrick Kane.
18:11 of 2nd period - Shot Blocked by Niklas Hjalmarsson.
18:13 of 2nd period - Shot by Josh Manson.
18:13 of 2nd period - Stopped by Sergei Bobrovsky without a rebound.
18:14 of 2nd period - Mark Letestu wins face-off versus Kevin Hayes in EDMONTON Oilers zone.
18:41 of 2nd period - Icing by Mark Letestu.
18:42 of 2nd period - Mark Letestu wins face-off versus Alexander Burmistrov in EDMONTON Oilers zone.
18:59 of 2nd period - Shot by Mark Letestu.
18:59 of 2nd period - Deflect By Brian Flynn.
18:59 of 2nd period - Stopped by Jeff Glass without a rebound.
19:00 of 2nd period - Jonathan Toews wins face-off versus Leo Komarov in CHICAGO Blackhawks zone.
19:11 of 2nd period - Icing by Brad Hunt.
19:12 of 2nd period - William Nylander wins face-off versus Mike Hoffman in EDMONTON Oilers zone.
19:34 of 2nd period - Icing by Kevin Shattenkirk.
19:35 of 2nd period - Jimmy Vesey wins face-off versus William Nylander in CHICAGO Blackhawks zone.
19:38 of 2nd period - Shot by Mark Letestu.
19:38 of 2nd period - Stopped by Jeff Glass without a rebound.
19:38 of 2nd period - Minor Penalty to Mark Letestu for Holding.
19:38 of 2nd period - Minor Penalty to Will Butcher for Hooking.
19:39 of 2nd period - Patrick Kane wins face-off versus Mike Hoffman in CHICAGO Blackhawks zone.
19:46 of 2nd period - Icing by Jordan Eberle.
19:47 of 2nd period - Patrick Kane wins face-off versus Mike Hoffman in EDMONTON Oilers zone.
Goals for this period are 1 for CHICAGO Blackhawks vs 1 for EDMONTON Oilers.
Shots for this period are 11 for CHICAGO Blackhawks vs 13 for EDMONTON Oilers.

3rd period


0:01 of 3rd period - Mike Hoffman wins face-off versus Patrick Kane in neutral zone.
0:03 of 3rd period - Jordan Eberle is hit by Brent Seabrook and loses puck.
0:37 of 3rd period - Shot by Mike Hoffman.
0:37 of 3rd period - Stopped by Jeff Glass without a rebound.
0:38 of 3rd period - Patrick Kane wins face-off versus Jordan Eberle in CHICAGO Blackhawks zone.
0:51 of 3rd period - Shot by Mike Hoffman.
0:51 of 3rd period - Shot Blocked by Aaron Ekblad.
0:53 of 3rd period - Shot by Mike Hoffman.
0:53 of 3rd period - Shot Misses the Net.
0:55 of 3rd period - Shot by Madison Bowey.
0:55 of 3rd period - Stopped by Jeff Glass without a rebound.
0:56 of 3rd period - Mike Hoffman wins face-off versus Patrick Kane in CHICAGO Blackhawks zone.
2:51 of 3rd period - Shot by Brian Flynn.
2:51 of 3rd period - Goal by Brian Flynn - CHICAGO Blackhawks : 2 - EDMONTON Oilers : 2.
2:52 of 3rd period - Mark Letestu wins face-off versus Nick Shore in neutral zone.
3:04 of 3rd period - Icing by Josh Morrissey.
3:05 of 3rd period - Mark Letestu wins face-off versus Jonathan Toews in EDMONTON Oilers zone.
3:05 of 3rd period - Mark Letestu is hit by Patrick Kane.
3:32 of 3rd period - Josh Morrissey is hit by Jonathan Toews and loses puck.
3:40 of 3rd period - Josh Morrissey is hit by Teuvo Teravainen and loses puck.
4:03 of 3rd period - Shot by Kyle Palmieri.
4:03 of 3rd period - Shot Misses the Net.
4:05 of 3rd period - Shot by Aaron Ekblad.
4:05 of 3rd period - Shot Misses the Net.
4:24 of 3rd period - Shot by Mike Hoffman.
4:24 of 3rd period - Stopped by Jeff Glass without a rebound.
4:25 of 3rd period - Kevin Hayes wins face-off versus Jason Spezza in CHICAGO Blackhawks zone.
4:34 of 3rd period - Shot by Kevin Hayes.
4:34 of 3rd period - Shot Misses the Net.
4:36 of 3rd period - Shot by Tom Wilson.
4:36 of 3rd period - Stopped by Sergei Bobrovsky without a rebound.
4:37 of 3rd period - Jason Spezza wins face-off versus Alexander Burmistrov in EDMONTON Oilers zone.
5:43 of 3rd period - Shot by Patrick Kane.
5:43 of 3rd period - Shot Misses the Net.
6:33 of 3rd period - Shot by William Nylander.
6:33 of 3rd period - Shot Misses the Net.
7:06 of 3rd period - Shot by Eric Staal.
7:06 of 3rd period - Stopped by Sergei Bobrovsky with a rebound.
7:38 of 3rd period - Niklas Hjalmarsson is hit by Will Butcher and loses puck.
8:00 of 3rd period - Icing by Will Butcher.
8:01 of 3rd period - Kevin Hayes wins face-off versus Mark Letestu in CHICAGO Blackhawks zone.
8:03 of 3rd period - Icing by Kevin Shattenkirk.
8:04 of 3rd period - Mark Letestu wins face-off versus Kevin Hayes in CHICAGO Blackhawks zone.
8:04 of 3rd period - Mark Letestu is hit by Will Butcher.
8:25 of 3rd period - Mark Letestu is hit by Tom Wilson.
9:01 of 3rd period - Off-side.
9:02 of 3rd period - William Nylander wins face-off versus Mike Hoffman in neutral zone.
9:19 of 3rd period - Shot by Kyle Palmieri.
9:19 of 3rd period - Stopped by Sergei Bobrovsky without a rebound.
9:20 of 3rd period - Jonathan Toews wins face-off versus Jordan Eberle in EDMONTON Oilers zone.
9:21 of 3rd period - Shot by Patrick Kane.
9:21 of 3rd period - Stopped by Sergei Bobrovsky without a rebound.
9:22 of 3rd period - Teuvo Teravainen wins face-off versus Mike Hoffman in EDMONTON Oilers zone.
9:22 of 3rd period - Teuvo Teravainen is hit by Josh Morrissey.
10:39 of 3rd period - Brian Flynn is hit by Brian Dumoulin and loses puck.
11:31 of 3rd period - Off-side.
11:32 of 3rd period - Jason Spezza wins face-off versus Alexander Burmistrov in neutral zone.
11:41 of 3rd period - Shot by Andrew Shaw.
11:41 of 3rd period - Shot Misses the Net.
11:43 of 3rd period - Shot by Sam Gagner.
11:43 of 3rd period - Shot Blocked by Nick Shore.
11:45 of 3rd period - Shot by Jason Spezza.
11:45 of 3rd period - Deflect By Sam Gagner.
11:45 of 3rd period - Stopped by Jeff Glass without a rebound.
11:46 of 3rd period - David Desharnais wins face-off versus Kevin Hayes in CHICAGO Blackhawks zone.
12:05 of 3rd period - Josh Morrissey is hit by Tom Wilson and loses puck.
12:12 of 3rd period - Shot by Tom Wilson.
12:12 of 3rd period - Stopped by Sergei Bobrovsky without a rebound.
12:13 of 3rd period - Jonathan Toews wins face-off versus Mike Hoffman in EDMONTON Oilers zone.
12:28 of 3rd period - Shot by Patrick Kane.
12:28 of 3rd period - Shot Misses the Net.
12:30 of 3rd period - Shot by Patrick Kane.
12:30 of 3rd period - Deflect By Teuvo Teravainen.
12:30 of 3rd period - Stopped by Sergei Bobrovsky without a rebound.
12:31 of 3rd period - William Nylander wins face-off versus Jason Spezza in EDMONTON Oilers zone.
12:57 of 3rd period - Shot by Kyle Palmieri.
12:57 of 3rd period - Shot Blocked by Niklas Hjalmarsson.
12:59 of 3rd period - Shot by Kyle Palmieri.
12:59 of 3rd period - Shot Blocked by Niklas Hjalmarsson.
13:01 of 3rd period - Shot by Eric Staal.
13:01 of 3rd period - Stopped by Sergei Bobrovsky without a rebound.
13:02 of 3rd period - Jonathan Toews wins face-off versus Mike Hoffman in EDMONTON Oilers zone.
13:13 of 3rd period - Shot by Mike Hoffman.
13:13 of 3rd period - Shot Misses the Net.
14:07 of 3rd period - Aaron Ekblad is hit by Jimmy Vesey and loses puck.
14:21 of 3rd period - Shot by Brian Dumoulin.
14:21 of 3rd period - Shot Misses the Net.
14:23 of 3rd period - Shot by Aaron Ekblad.
14:23 of 3rd period - Shot Blocked by Josh Morrissey.
14:25 of 3rd period - Shot by Brian Dumoulin.
14:25 of 3rd period - Shot Misses the Net.
14:27 of 3rd period - Shot by Brian Dumoulin.
14:27 of 3rd period - Shot Misses the Net.
14:40 of 3rd period - Shot by William Nylander.
14:40 of 3rd period - Shot Misses the Net.
14:51 of 3rd period - Icing by Niklas Hjalmarsson.
14:52 of 3rd period - Mark Letestu wins face-off versus Kevin Hayes in EDMONTON Oilers zone.
16:31 of 3rd period - Shot by Patrick Kane.
16:31 of 3rd period - Shot Misses the Net.
16:33 of 3rd period - Shot by Teuvo Teravainen.
16:33 of 3rd period - Stopped by Sergei Bobrovsky without a rebound.
16:34 of 3rd period - Mark Letestu wins face-off versus Kyle Palmieri in EDMONTON Oilers zone.
16:45 of 3rd period - Shot by Kyle Palmieri.
16:45 of 3rd period - Stopped by Sergei Bobrovsky without a rebound.
16:46 of 3rd period - Alexander Burmistrov wins face-off versus Jason Spezza in EDMONTON Oilers zone.
17:03 of 3rd period - Shot by Alexander Burmistrov.
17:03 of 3rd period - Stopped by Sergei Bobrovsky with a rebound.
17:05 of 3rd period - Shot by Aaron Ekblad.
17:05 of 3rd period - Stopped by Sergei Bobrovsky without a rebound.
17:06 of 3rd period - Jonathan Toews wins face-off versus Mark Letestu in EDMONTON Oilers zone.
17:32 of 3rd period - Off-side.
17:33 of 3rd period - David Desharnais wins face-off versus William Nylander in neutral zone.
18:32 of 3rd period - Shot by Patrick Kane.
18:32 of 3rd period - Shot Misses the Net.
18:34 of 3rd period - Shot by Patrick Kane.
18:34 of 3rd period - Shot Misses the Net.
18:36 of 3rd period - Shot by Teuvo Teravainen.
18:36 of 3rd period - Shot Blocked by Madison Bowey.
Goals for this period are 0 for CHICAGO Blackhawks vs 1 for EDMONTON Oilers.
Shots for this period are 11 for CHICAGO Blackhawks vs 5 for EDMONTON Oilers.

Overtime #1


0:01 of 1st overtime period - Patrick Kane wins face-off versus Jordan Eberle in neutral zone.
0:06 of 1st overtime period - Shot by Patrick Kane.
0:06 of 1st overtime period - Stopped by Sergei Bobrovsky without a rebound.
0:07 of 1st overtime period - Patrick Kane wins face-off versus Mike Hoffman in EDMONTON Oilers zone.
0:31 of 1st overtime period - Shot by Patrick Kane.
0:31 of 1st overtime period - Stopped by Sergei Bobrovsky with a rebound.
0:33 of 1st overtime period - Shot by Patrick Kane.
0:33 of 1st overtime period - Stopped by Sergei Bobrovsky without a rebound.
0:34 of 1st overtime period - Patrick Kane wins face-off versus Mike Hoffman in EDMONTON Oilers zone.
0:39 of 1st overtime period - Shot by Patrick Kane.
0:39 of 1st overtime period - Shot Misses the Net.
0:43 of 1st overtime period - Shot by Patrick Kane.
0:43 of 1st overtime period - Stopped by Sergei Bobrovsky without a rebound.
0:44 of 1st overtime period - Patrick Kane wins face-off versus Mike Hoffman in EDMONTON Oilers zone.
0:53 of 1st overtime period - Shot by Jonathan Toews.
0:53 of 1st overtime period - Stopped by Sergei Bobrovsky with a rebound.
0:57 of 1st overtime period - Shot by Jonathan Toews.
0:57 of 1st overtime period - Stopped by Sergei Bobrovsky with a rebound.
0:59 of 1st overtime period - Shot by Brent Seabrook.
0:59 of 1st overtime period - Shot Misses the Net.
1:07 of 1st overtime period - Shot by Patrick Kane.
1:07 of 1st overtime period - Stopped by Sergei Bobrovsky without a rebound.
1:08 of 1st overtime period - Patrick Kane wins face-off versus Mike Hoffman in EDMONTON Oilers zone.
1:27 of 1st overtime period - Shot by Brian Dumoulin.
1:27 of 1st overtime period - Shot Misses the Net.
2:10 of 1st overtime period - Icing by Leo Komarov.
2:11 of 1st overtime period - Leo Komarov wins face-off versus Patrick Kane in EDMONTON Oilers zone.
2:24 of 1st overtime period - Shot by Patrick Kane.
2:24 of 1st overtime period - Shot Misses the Net.
3:25 of 1st overtime period - Shot by Mike Hoffman.
3:25 of 1st overtime period - Deflect By Jordan Eberle.
3:25 of 1st overtime period - Stopped by Jeff Glass without a rebound.
3:26 of 1st overtime period - Travis Morin wins face-off versus Patrick Kane in CHICAGO Blackhawks zone.
3:35 of 1st overtime period - Shot by Mark Letestu.
3:35 of 1st overtime period - Stopped by Jeff Glass without a rebound.
3:36 of 1st overtime period - Jordan Eberle wins face-off versus Jonathan Toews in CHICAGO Blackhawks zone.
3:39 of 1st overtime period - Shot by Mike Hoffman.
3:39 of 1st overtime period - Stopped by Jeff Glass without a rebound.
3:40 of 1st overtime period - Mike Hoffman wins face-off versus Patrick Kane in CHICAGO Blackhawks zone.
3:45 of 1st overtime period - Shot by Mike Hoffman.
3:45 of 1st overtime period - Shot Misses the Net.
Goals for this period are 0 for CHICAGO Blackhawks vs 0 for EDMONTON Oilers.
Shots for this period are 7 for CHICAGO Blackhawks vs 3 for EDMONTON Oilers.

ShootOut


5:00 of 1st overtime period - Round #1.
5:00 of 1st overtime period - CHICAGO Blackhawks, Patrick Kane.
5:00 of 1st overtime period - Stopped by Sergei Bobrovsky.
5:00 of 1st overtime period - EDMONTON Oilers, Mike Hoffman.
5:00 of 1st overtime period - Stopped by Jeff Glass.
5:00 of 1st overtime period - Round #2.
5:00 of 1st overtime period - CHICAGO Blackhawks, Jonathan Toews.
5:00 of 1st overtime period - Shot Misses the Net.
5:00 of 1st overtime period - EDMONTON Oilers, Jordan Eberle.
5:00 of 1st overtime period - Stopped by Jeff Glass.
5:00 of 1st overtime period - Round #3.
5:00 of 1st overtime period - CHICAGO Blackhawks, Kyle Palmieri.
5:00 of 1st overtime period - Shot Misses the Net.
5:00 of 1st overtime period - EDMONTON Oilers, Leo Komarov.
5:00 of 1st overtime period - Stopped by Jeff Glass.
5:00 of 1st overtime period - Round #4.
5:00 of 1st overtime period - CHICAGO Blackhawks, William Nylander.
5:00 of 1st overtime period - Goal by William Nylander.
5:00 of 1st overtime period - EDMONTON Oilers, Jason Spezza.
5:00 of 1st overtime period - Goal by Jason Spezza.
5:00 of 1st overtime period - Round #5.
5:00 of 1st overtime period - CHICAGO Blackhawks, Kevin Hayes.
5:00 of 1st overtime period - Stopped by Sergei Bobrovsky.
5:00 of 1st overtime period - EDMONTON Oilers, Sam Gagner.
5:00 of 1st overtime period - Goal by Sam Gagner.